Cogmind - Beta 13 @@@ ROGUE MODE // 2024.06.03 @ 07:53:31 Player: Haldron Result: Self-destructed Performance ------------- Evolutions (2) 1000 Regions Visited (3) 600 Robots Destroyed (22) 110 Value Destroyed (337) 337 Prototype IDs (5) 100 Alien Tech Used (0) 0 Bonus (0) 0 TOTAL SCORE: 2147 Bonus ------- None Cogmind --------- Core Integrity 349/550 Matter 194/300 Energy 125/125 System Corruption 5% Temperature Cool (0) Movement Flying (106) Ox1 Location -8/Materials Parts ------- > --- POWER (1) -------- Light Ion Engine > --- PROPULSION (4) --- Flight Unit VTOL Module Improved VTOL Module > --- UTILITY (4) ------ Small Storage Unit Improved Signal Interpreter Improved Light Armor Plating > --- WEAPON (2) ------- Grenade Launcher Axe > --- INVENTORY (8) ---- Large Matter Pod (150) Improved Propulsion Shielding Improved Propulsion Shielding Improved Light Armor Plating System Shield Lightning Gun Datajack Plasma Cutter Peak State ------------ > --- POWER ------------ Light Ion Engine > --- PROPULSION ------- VTOL Module VTOL Module Improved Flight Unit Improved VTOL Module > --- UTILITY ---------- Small Storage Unit Improved Sensor Array Improved Signal Interpreter Improved Light Armor Plating > --- WEAPON ----------- Grenade Launcher Axe > --- INVENTORY -------- Ion Engine Large Matter Pod Improved Propulsion Shielding Improved Propulsion Shielding Improved Light Armor Plating Datajack Plasma Cutter [Rating: 27] Favorites ----------- Power Ion Engine Engine Ion Engine Propulsion VTOL Module Treads Light Treads Wheel Compact Wheel Flight Unit VTOL Module Utility Small Storage Unit Device Tractor Beam Storage Small Storage Unit Processor Improved Signal Interpreter Protection Improved Light Armor Plating Weapon Autogun Energy Gun Improved EM Shotgun Energy Cannon Particle Cannon Ballistic Gun Autogun Launcher Grenade Launcher Slashing Weapon Axe Build | -11 -10 -9 -8 ------- Run | Yrd Mat Mat Mat Slots Evolved 4 | . . 2 2 Power . | . . . . Propulsion 2 | . . 2 . Utility 2 | . . . 2 Weapon . | . . . . Parts Attached 42 | 7 10 6 19 Power 6 | 1 1 1 3 Engine 6 | 1 1 1 3 Core . | . . . . Reactor . | . . . . Propulsion 14 | 2 2 4 6 Treads 2 | 1 1 . . Leg . | . . . . Wheel 2 | 1 1 . . Hover . | . . . . Flight 10 | . . 4 6 Utility 9 | 2 . 1 6 Device 3 | 1 . . 2 Storage 2 | 1 . 1 . Processor 2 | . . . 2 Hackware . | . . . . Protection 2 | . . . 2 Artifact . | . . . . Weapon 13 | 2 7 . 4 Energy Gun 3 | 1 2 . . Energy Cannon 3 | . 3 . . Ballistic Gun 3 | 1 2 . . Ballistic Cannon . | . . . . Launcher 2 | . . . 2 Special Weapon . | . . . . Impact Weapon . | . . . . Slashing Weapon 2 | . . . 2 Piercing Weapon . | . . . . Special Melee Weapon . | . . . . Unidentified Prototypes 3 | . 1 . 2 Parts Lost 5 | . . . 5 Power . | . . . . Propulsion 4 | . . . 4 Utility 1 | . . . 1 Weapon . | . . . . Highest Loss Streak 2 | . . . 2 To Critical Strikes . | . . . . Average Slot Usage (%) 97 | . 99 94 92 Engine 12 | . 14 11 9 Treads 8 | . 14 2 . Wheel 8 | . 14 3 . Flight 14 | . . 33 35 Device 12 | . 14 11 9 Storage 12 | . 14 11 9 Processor 2 | . . . 8 Protection 2 | . . . 8 Energy Gun 6 | . 10 . . Energy Cannon 4 | . 8 . . Ballistic Gun 7 | . 8 22 1 Launcher 1 | . . . 4 Slashing Weapon 2 | . . . 7 Naked Turns . | . . . . Heaviest Build 19 | 13 19 17 18 Greatest Support 18 | 16 16 16 18 Greatest Overweight (x) 1 | . 1 1 1 Average Overweight (x) . | . . . . Largest Inventory Capacity 8 | 8 8 8 8 Average Capacity 7 | 7 8 8 8 Most Carried 8 | 4 8 8 8 Average Carried 6 | 2 7 6 7 Final Capacity 8 | 8 8 8 8 Final Carried 8 | 4 8 7 8 Class Distribution -------------------- 63% | Mutant 20% | Scavenger-Sprinter 15% | Sprinter Dominant Class ---------------- Mutant | -10/Materials Sprinter | -9/Materials Scavenger-Sprinter | -8/Materials Resources | -11 -10 -9 -8 ----------- Run | Yrd Mat Mat Mat Matter Collected 701 | 275 227 90 109 Remotely 301 | 74 227 . . Salvage Created 588 | 97 390 . 101 Parts 40 | 2 24 . 14 Haulers Intercepted 1 | . 1 . . Recyclers Shooed 1 | . 1 . . Parts Field Recycled . | . . . . Retrieved Matter . | . . . . Parts Self-Destructed . | . . . . Prevented . | . . . . Kills | -11 -10 -9 -8 ------- Run | Yrd Mat Mat Mat Combat Hostiles Destroyed 14 | . 6 . 8 Guns 4 | . 4 . . Cannons 1 | . 1 . . AOE 9 | . 1 . 8 Classes Destroyed 6 | 1 4 . 1 Hauler 1 | . 1 . . Recycler 3 | 1 2 . . Operator 2 | . 2 . . Watcher 2 | . . . 2 Swarmer 11 | . 3 . 8 Grunt 3 | . 3 . . Best Kill Streak 6 | 1 6 . 5 Combat Bots Only 4 | . 4 . 4 Max Kills in Single Turn 2 | 1 1 . 2 Gunslinging . | . . . . Exploded 2 | . 1 . 2 Melee . | . . . . Uniques/NPCs Destroyed . | . . . . Combat | -11 -10 -9 -8 -------- Run | Yrd Mat Mat Mat Hostile Shots Fired 78 | . 40 3 35 Missed 23 | . 8 1 14 Damage Taken 966 | . 384 26 556 Core 240 | . 39 . 201 Absorbed by Shields . | . . . . Core Remaining (%) 94 | 100 84 100 . Volleys Fired 42 | 5 32 . 5 Largest 2 | 1 2 . 1 Hottest 136 | 20 136 . 30 Shots Fired 59 | 5 49 . 5 Gun 30 | 5 25 . . Cannon 24 | . 24 . . Launcher 5 | . . . 5 Special . | . . . . Kinetic 12 | 5 7 . . Thermal 31 | . 31 . . Explosive 5 | . . . 5 Electromagnetic 11 | . 11 . . Robot Hit Streak 8 | 5 8 . 1 Robot Miss Streak 7 | . 7 . 1 Penetration Max . | . . . . Secondary Targets . | . . . . Shots Hit Robots 43 | 5 30 . 8 Core Hits 27 | 2 13 . 12 Critical Kills 1 | . 1 . . Critical Parts Destroyed . | . . . . Critical Strikes 1 | . 1 . . Meltdown 1 | . 1 . . Melee Attacks 21 | . . . 21 Impact . | . . . . Slashing 21 | . . . 21 Piercing . | . . . . Sneak Attacks 1 | . . . 1 Combat Hostiles . | . . . . Follow-up Attacks . | . . . . Damage Inflicted 1174 | 42 538 . 594 Guns 200 | 42 158 . . Cannons 326 | . 326 . . Explosions 379 | . 54 . 325 Melee 269 | . . . 269 Ramming . | . . . . Kinetic 64 | 42 22 . . Thermal 447 | . 447 . . Explosive 325 | . . . 325 Electromagnetic 69 | . 69 . . Impact . | . . . . Slashing 269 | . . . 269 Piercing . | . . . . Highest Corruption 5 | . 2 1 5 Average Corruption 1 | . 1 1 5 Corruption Purged . | . . . . Corruption Blocked . | . . . . Effects 6 | . 6 . . Message Errors 3 | . 3 . . Heat Flow Errors 3 | . 3 . . Overload Shots . | . . . . Overflow Damage 82 | . . . 82 Projectiles . | . . . . Explosions 3 | . . . 3 Melee 79 | . . . 79 Knockbacks . | . . . . Impact . | . . . . Kinetic . | . . . . Secondary . | . . . . Self-Inflicted Damage 52 | . 52 . . Shots 1 | . 1 . . Rammed . | . . . . Targets Rammed . | . . . . Kicked . | . . . . Crushed . | . . . . Highest Temperature 392 | . 392 6 18 Average Temperature 87 | . 92 4 9 Received Heat Transfer 195 | . 63 15 117 Siege Activations . | . . . . Robots Corrupted . | . . . . Combat Hostiles . | . . . . Parts Fried . | . . . . Impact Corruptions . | . . . . Robots Melted 1 | . 1 . . Combat Hostiles . | . . . . Parts Melted 1 | . 1 . . Heat Transferred 792 | . 792 . . Parts Sabotaged . | . . . . Parts Stolen . | . . . . Parts Stripped . | . . . . Power Chain Reactions 1 | . 1 . . Alert | -11 -10 -9 -8 ------- Run | Yrd Mat Mat Mat Peak Influence 673 | 5 272 99 673 Initial 41 | . 3 39 41 Average 161 | 2 113 65 306 Maximum Alert Level 2 | . 1 . 2 Low Security (%) 71 | 100 74 100 51 Level 1 17 | . 25 . 13 Level 2 10 | . . . 35 Level 3 . | . . . . Level 4 . | . . . . Level 5 . | . . . . High Security . | . . . . Max Security . | . . . . Squads Dispatched 6 | . 2 1 3 Investigation 3 | . . 1 2 Extermination . | . . . . Reinforcement 3 | . 2 . 1 Assault . | . . . . Garrison . | . . . . Intercept . | . . . . Searches Triggered . | . . . . Construction Impeded . | . . . . Haulers Reinforced . | . . . . Active Scanning Responses . | . . . . Cargo Convoy Interrupts . | . . . . Stealth | -11 -10 -9 -8 --------- Run | Yrd Mat Mat Mat Distress Signals 2 | . 1 . 1 Communications Jammed . | . . . . Distress Signals . | . . . . Times Spotted 54 | . 14 5 35 Peak Tracking Total 17 | . 3 3 17 Tactical Retreats 9 | . 1 1 7 Traps | -11 -10 -9 -8 ------- Run | Yrd Mat Mat Mat Traps Triggered 6 | . 3 . 3 Indirectly . | . . . . Trap Hack Attempts . | . . . . Triggered . | . . . . Disarmed . | . . . . Reprogrammed . | . . . . Reused . | . . . . Traps Extracted . | . . . . Installed . | . . . . Triggered . | . . . . Machines | -11 -10 -9 -8 ---------- Run | Yrd Mat Mat Mat Machines Disabled 1 | . 1 . . Max in Single Turn 1 | . 1 . . Machines Repaired . | . . . . Machines Dismantled . | . . . . Machines Sabotaged . | . . . . Overloaded Fab Kills . | . . . . Hacking | -11 -10 -9 -8 --------- Run | Yrd Mat Mat Mat Machines Accessed 10 | . 3 1 6 Terminals 10 | . 3 1 6 Fabricators . | . . . . Repair Stations . | . . . . Recycling Units . | . . . . Scanalyzers . | . . . . Garrison Access . | . . . . Total Hacks 30 | . 7 2 21 Successful 13 | . 4 . 9 Failed 17 | . 3 2 12 Catastrophic 5 | . . 1 4 Database Lockouts . | . . . . Manual 23 | . 3 . 20 Terminals 30 | . 7 2 21 Fabricators . | . . . . Repair Stations . | . . . . Recycling Units . | . . . . Scanalyzers . | . . . . Garrison Access . | . . . . Terminal Hacks 5 | . 2 . 3 Part Schematic 1 | . . . 1 Prototype ID Bank 1 | . 1 . . Branch Access Points 1 | . . . 1 Terminal Index 2 | . 1 . 1 Fabricator Hacks . | . . . . Repair Station Hacks . | . . . . Recycling Unit Hacks . | . . . . Scanalyzer . | . . . . Garrison Access Hacks . | . . . . Unauthorized Hacks 8 | . 2 . 6 Terminals 8 | . 2 . 6 Track 1 | . . . 1 Botnet 7 | . 2 . 5 Fabricators . | . . . . Repair Stations . | . . . . Recycling Units . | . . . . Scanalyzers . | . . . . Garrison Access . | . . . . Data Cores Recovered . | . . . . Used . | . . . . Hacking Detections 10 | . 3 1 6 Full Trace Events 3 | . 1 1 1 Feedback Events 1 | . . 1 . Corruption 1 | . . 1 . Feedback Blocked . | . . . . Robot Schematics Acquired . | . . . . Robots Built . | . . . . Authchips . | . . . . Time . | . . . . Total Robot Build Rating . | . . . . Part Schematics Acquired 1 | . . . 1 Parts Built . | . . . . Authchips . | . . . . Time . | . . . . Total Part Build Rating . | . . . . Parts Repaired . | . . . . Time . | . . . . Parts Recycled . | . . . . Recycled Matter . | . . . . Retrieved Matter . | . . . . Retrieved Components . | . . . . Parts Scanalyzed . | . . . . Part Schematics Acquired . | . . . . Parts Damaged . | . . . . Bothacking | -11 -10 -9 -8 ------------ Run | Yrd Mat Mat Mat Used RIF Installer . | . . . . Robots Hacked . | . . . . Non-combat . | . . . . Combat . | . . . . Robot Hacks Applied . | . . . . Relay Couplers Released . | . . . . Fabnet Peak Effective % . | . . . . Robots Rewired . | . . . . Allies Hacked . | . . . . Hacks Repelled . | . . . . Allies | -11 -10 -9 -8 -------- Run | Yrd Mat Mat Mat Total Allies . | . . . . Largest Group . | . . . . Highest-Rated Group . | . . . . Highest-Rated Ally . | . . . . Total Orders . | . . . . Ally Attacks . | . . . . Total Damage . | . . . . Kills . | . . . . Allies Corrupted . | . . . . Allies Melted . | . . . . Intel | -11 -10 -9 -8 ------- Run | Yrd Mat Mat Mat Robot Analysis Total . | . . . . Derelict Logs Recovered . | . . . . Drone Launches . | . . . . Drone Recoveries . | . . . . Exploration | -11 -10 -9 -8 ------------- Run | Yrd Mat Mat Mat Turns Passed 1024 | 64 559 87 314 Spaces Moved 1262 | 42 379 187 654 Core 1 | 1 . . . Treads . | . . . . Legs . | . . . . Wheels 439 | 41 379 19 . Hover . | . . . . Flight 822 | . . 168 654 Fastest Speed 26 | 50 100 26 26 Average Speed 55 | 98 110 35 27 Slowest Speed 115 | 100 115 115 103 Overloaded Moves . | . . . . Propulsion Burnouts . | . . . . Robots Hopped 9 | . . . 9 Cave-ins Triggered 1 | . . . 1 Exploration Rate (%) 33 | 4 61 19 51 Regions Visited 3 Branch Regions . Pre-discovered Areas . | . . . . Known Exits Taken . | . . . . Unknown Exits Taken 3 | 1 1 1 . Scrap Searched . | . . . . Spaces Dug 9 | . . . 9 Terrain Destroyed 52 | . 5 . 47 Melee 9 | . . . 9 Projectile 1 | . 1 . . AOE 42 | . 4 . 38 Terrain Rammed . | . . . . Walls Destroyed . | . . . . Machines Disabled . | . . . . Actions | -11 -10 -9 -8 --------- Run | Yrd Mat Mat Mat Total 1482 | 57 478 207 740 Wait 60 | . 25 9 26 Move 1245 | 41 378 186 640 Hop 5 | . . . 5 Pick Up 32 | 4 16 3 9 Fast Attach 22 | 7 4 . 11 Attach 8 | . . 2 6 Detach 6 | . 1 . 5 Swap 12 | . 6 4 2 Drop 29 | . 16 3 10 Fire 42 | 5 32 . 5 Melee 21 | . . . 21 Ram . | . . . . Kick . | . . . . Crush . | . . . . Escape Stasis . | . . . . Rewire . | . . . . Trap . | . . . . Miscellaneous . | . . . . Route ------- -11/Scrapyard -10/Materials (discovered 2 exits: *Mat x2) -9/Materials (discovered 2 exits: *Mat / [*Min]) -8/Materials History --------- Turn | Location | Event 13 | -11/Scrapyard | Discovered new exit (range 16) 65 | -11/Scrapyard | Entered Materials 295 | -10/Materials | Discovered new exit (range 15) 310 | -10/Materials | Build established: Mutant 543 | -10/Materials | Discovered new exit (range 7) 624 | -10/Materials | Entered another Materials area 624 | -9/Materials | Evolved 2 slots: Propulsion x2 665 | -9/Materials | Discovered new exit (range 16) 710 | -9/Materials | Discovered new exit (range 6) 711 | -9/Materials | Entered another Materials area 711 | -8/Materials | Evolved 2 slots: Utility x2 1024 | -8/Materials | Crushed by falling debris 1025 | -8/Materials | Self-destructed Last Messages --------------- System Shield Rating: 3 Schematic downloaded. 00951_ K-01 Serf cleans the Material Processor. 00954_ Connecting with Terminal... >>Trojan(Botnet) Trojan loaded successfully. Testing... Terminal linked with 4 systems. Awaiting botnet instructions. 00954_ ALERT: Suspicious activity at Terminal M007. Dispatching Investigation squad. 00957_ K-01 Serf collects debris. 01017_ Acquired Lightning Gun. 01024_ The unstable cave ceiling collapses. 01024_ Crushed by falling debris. 01024_ Imp. Sensor Array destroyed. 01024_ System corrupted by crushing effect (+3). 01024_ Imp. Flight Unit destroyed. 01024_ System corrupted by crushing effect (+2). Map ----- +----------------------------------------------------+ | ????# #????????????????????????????????????????? | | ????# #????????????????????????????????????????? | | ????# #????????????????????????????????????????? | | ????+ #????????????????????????????????????????? | | ????# #############????????????????????????????? | | ????# # #????????????????????????????? | | ##### # #????????????????????????????? | | [ # # #????????????????????????????? | | # # #????????????????????????????? | | ! # # " """"????????????????????????????????? | | " + + """""""????????????????????????????????? | | "" # # """ ""????????????????????????????????? | | "" # ########?????????????????????????????????? | | "" # #????????????????????????????????????????? | | " # ###??????????????????????????????????????? | | # # #??????????????????????????????????????? | | ### # # #??????????????????????????????????????? | | ?## # # #??????????????????????????????????????? | | ?# # # #??????????????????????????????????????? | | ?## # # #??????????????????????????????????????? | | ??# # # #??????????????????????????????????????? | | ??# # # #??????????????????????????????????????? | | ##### ###????????????###???????????????????????? | | #??????????????# #???#####???????????????? | | % ###################### ]]#??????? ?????? | | u @ ]]#??????? ???? | | [[#??????? ???? | | ### [#??????? ! ???? | | #?#######+################ [[#??????# #???? | | #????# !## #?# [[#??????# #???? | | +????# """ ##] T #?# #####??????# #???? | | #????# """ ## #?# #??###?????# #???? | | #????# """ ## ###+####"#####?# #???? | | #????# ##+###+### #?# #???? | | #????# " """ / # """ """ !#?# #???? | | #????# T """ ## + """"""""" #?# #???? | | #????# " """ ## #### # """"" " ]#?# #???? | | #????# ## #??# #! #?# #???? | | #????########### ####+############+### #???? | | #?????# = # # ###### #???? | | #?????# # / """ # # #???? | | ####### # # "T" # # #### #???? | | #[ [# # # # # #####+#+####? | | # # """ # # """ """ # + # [#? | | # #?""""" + # """ """ # # # """ #? | | # #?""""" # # """ """g" # # """"" #? | | # """ #?""""" # + Y g g# # # """"" #? | | # """ #? """ # ################+# """"" #? | | # """ #??####### ## #?# # """ #? | | # #????????# ## """ !#?# """ # #? | +----------------------------------------------------+ Best States ------------- Heat Dissipation 31 Energy Generation 10 Energy Capacity 250 Matter Stores 300 Matter Capacity 300 Sight Range 20 Robot Scan Range 15 Terrain Scan Density 10 Armor Coverage 150 Evasion (%) 64 Recoil Reduction 1 Item Schematics ----------------- System Shield | -8/Materials | Hacked Robot Schematics ------------------ None Fabricated ------------ Nothing Alien Tech Used ----------------- None Achievements -------------- None Challenges ------------ None Game ------ Seed MachineScanExtractor Manual? 0 Play Time 00:29:21 Cumulative 178.3 hours Start 2024.06.02 @ 16:27:36 End 2024.06.03 @ 07:53:31 Sessions 3 Manual Loads 0 Difficulty Rogue Special Mode None Game No. 52 Rogue 47 Adventurer 4 Explorer 1 Win Type - Total 3 Types 1/0/1/1/0/0/0/0/0 Lore% 40 Gallery% 60 Achievement% 44 Wizard Run 0 Options --------- Layout 0 ASCII 0 Keyboard 0 Movement Mouse Keybinds 0 Fullscreen 1 Font 24/Smallcaps Map View 76x50 Zoom Use 0% Tactical HUD 1 Map Filters NONE Filters NONE Steam X RUN: 363e3a5c-379a-4fad-b6fb-24eb557a465b